 Dungeon Crawl Stone Soup version 0.31-a0-222-gefeffbb62a (webtiles) character file.

Game seed: 7791865106587518049

17 qw the Shield-Bearer (level 2, 0/19 HPs)
             Began as a Gargoyle Fighter on July 4, 2023.
             Slain by an adder (2 damage)
             ... on level 2 of the Dungeon.
             The game lasted 00:00:13 (510 turns).

qw the Shield-Bearer (Gargoyle Fighter)              Turns: 510, Time: 00:00:14

Health: 0/19       AC:  9    Str: 19    XL:     2   Next: 62%
Magic:  2/2        EV:  9    Int:  8    God:
Gold:   42         SH:  4    Dex:  9    Spells: 1/1 levels left

rFire   . . .        a - +0 war axe
rCold   . . .        c - +0 buckler
rNeg    + . .        b - +0 scale mail
rPois   inf          (no helmet)
rElec   +            (no cloak)
rCorr   .            (no gloves)
SInv    .            (no boots)
Will    .....        (no amulet) Stlth
                     (no ring)
HPRegen 0.23/turn    (no ring)
MPRegen 0.08/turn

%: no passive effects
@: very slow
A: sickness immunity, AC +2, negative energy resistance 1, electricity
resistance, torment resistance 1, petrification resistance
a: no special abilities


You were on level 2 of the Dungeon.
You visited 1 branch of the dungeon, and saw 2 of its levels.

You collected 42 gold pieces.


Innate Abilities, Weirdness & Mutations

You are immune to sickness and miasma.
Your stone body is resilient. (AC +2)
You are immune to poison.
You resist negative energy. (rN+)
You are resistant to electric shocks. (rElec)
You are resistant to unholy torment.
You are immune to petrification.


   Skills:
 - Level 3.2 Fighting
 + Level 2.8 Axes
 - Level 3.2 Armour
 - Level 3.2 Shields


You had one spell level left.
You didn't know any spells.
Your spell library was empty.

Inventory:

Hand Weapons
 a - a +0 war axe (weapon)
 e - a +0 whip
Armour
 b - a +0 scale mail (worn)
 c - a +0 buckler (worn)
Scrolls
 f - a scroll of enchant weapon {unknown}
 g - a scroll of noise {unknown}
 h - a scroll of enchant armour {unknown}
Potions
 d - a potion of might
 i - a potion of brilliance {unknown}

Dungeon Overview and Level Annotations

Branches:
Dungeon (2/15)

Altars:

Annotations:
D:2 Robin


Message History

The goblin hits you with a +0 dagger. The goblin hits you but does no damage.
The adder bites you but does no damage.
A goblin comes into view. It is wielding a +0 dagger.
The adder closely misses you.
The hobgoblin splashes around in the water.
The goblin barely misses you.
The hobgoblin splashes around in the water.
The goblin hits you with a +0 dagger. x2; The adder closely misses you.
Your unstable footing causes you to fumble your attack.
The goblin shouts!
The goblin no longer looks unusually strong.
The hobgoblin no longer looks unusually strong.
The adder closely misses you. The hobgoblin barely misses you.
You block the goblin's attack.
The hobgoblin splashes around in the water.
Robin roars a battlecry!
The goblins go into a battle-frenzy!
The adder bites you but does no damage. The goblin barely misses you.
You block the goblin's attack. The adder barely misses you.
The goblin hits you but does no damage. The hobgoblin hits you.
The hobgoblin splashes around in the water.
You slash the goblin!
You kill the goblin!
You hear a splash.
You barely miss the hobgoblin.
You miss the adder. x2; You slash the goblin!
You kill the goblin!
You hear a splash.
You closely miss the goblin. You slash the hobgoblin!
You kill the hobgoblin!
The adder bites you but does no damage. You block the adder's attack.
The adder barely misses you.
The hobgoblin hits you but does no damage.
The goblin hits you but does no damage. The adder bites you but does no damage.
You slash the hobgoblin!
You kill the hobgoblin!
You closely miss Robin. You miss the adder. You hit the goblin.
You barely miss the adder.
The goblin no longer looks unusually strong.
The adder bites you.
You die...

#.......#.#..77 ~~.~~~~
~####...#....~77P~.~~~~~
77........#.~77~~~.~~~~~
~77.......#~777~~~.~PPPP
~~77......+~~~~P~~.~~~~7
~~77.##...#7~~~~~~.P~P~7
~P77. #...~~~~~~~~!P~P7~
~777. ###7~~~PPS~S.~~~~.
~~77# #~~~~~)@gK~~~..
~~7 ##7~~~g%7g77g.. ~~7
...P7~7~..g. P7#
....##....g.... ....
#...##..... .... #####
.# ## .. #


You could see Robin, 2 adders, 5 goblins and a kobold.

Vanquished Creatures
  A bat (D:2)
  2 endoplasms (D:1)
  A giant cockroach (D:2)
  4 goblins (D:2)
  3 hobgoblins (D:2)
  2 jackals (D:2)
  A kobold (D:1)
14 creatures vanquished.

Notes
Turn   | Place    | Note
-------+----------+-------------------------------------------
     0 | D:1      | qw the Gargoyle Fighter began the quest for the Orb.
     0 | D:1      | Reached XP level 1. HP: 14/14 MP: 1/1
     0 | D:1      | 0 ||| qw: Version: 0.3-a-46-gb1f654a
     0 | D:1      | 0 ||| qw: Game counter: 916
     0 | D:1      | 0 ||| qw: Melee chars always use a shield: true
     0 | D:1      | 0 ||| qw: God list: Okawaru
     0 | D:1      | 0 ||| qw: Allow faded altars: false
     0 | D:1      | 0 ||| qw: Do Orc after clearing Dungeon:15 true
     0 | D:1      | 0 ||| qw: Do second Lair branch before Depths: true
     0 | D:1      | 0 ||| qw: Lair rune preference: random
     0 | D:1      | 0 ||| qw: Goals: Normal, Zot:1-4, Slime:5, God:TSO, Crypt,
                  | Tomb, Abyss, Pan, Hells, Win
     0 | D:1      | 0 ||| PLANNING D:1-11
    67 | D:1      | 67 ||| Stepping ~*~*~tactically~*~*~ (hiding).
   260 | D:1      | HP: 2/14 [frozen (2)]
   350 | D:1      | You fall into a shaft and drop 1 floor!
   432 | D:2      | Reached XP level 2. HP: 11/19 MP: 2/2
   497 | D:2      | Noticed Robin
   507 | D:2      | HP: 3/19 [goblin/+0 dagger[Robin] (2)]
   508 | D:2      | HP: 1/19 [hobgoblin[Robin] (2)]
   510 | D:2      | Slain by an adder

Levels and vault maps discovered:
D:1:      nicolae_arrival_washed_ashore, layout_loops_cross,
          roderic_serpentine_path
D:2:      layout_basic, serial_bayou, serial_bayou_lagoon_b,
          serial_bayou_ford_a, serial_bayou_pond_a, serial_bayou_lagoon_a,
          st_stairs_13, uniq_jessica, uniq_robin

Skill      XL: |  1 |
---------------+----+-----
Axes           | 2 |  2.8
Fighting       | |  3.2
Armour         | |  3.2
Shields        | |  3.2

Action                     || total
---------------------------++-------
  Melee: War axe           ||    44
 Armour: Scale mail        ||    39
  Dodge: Dodged            ||    38
  Block: Buckler           ||    11

Table legend:
 A = Non-vault XP
 B = Vault XP
 C = Vault XP percentage of total XP
 D = Non-vault monster count
 E = Vault monster count
 F = Vault count percentage of total count
                 A         B        C        D         E       F
            +---------+---------+-------+---------+---------+-------
      Total |      15 |      12 |  44.4 |       8 |       6 |  42.9
            +---------+---------+-------+---------+---------+-------
        D:1 |       5 |       0 |   0.0 |       3 |       0 |   0.0
        D:2 |      10 |      12 |  54.5 |       5 |       6 |  54.5
            +---------+---------+-------+---------+---------+-------
